 Dungeon Crawl Stone Soup version 0.31-a0-152-g6aa68a64a1 (webtiles) character file.

Game seed: 8176402694726124943

226 qw the Shooter (level 6, -2/56 HPs)
             Began as a Naga Hunter on June 10, 2023.
             Slain by Edmund
             ... wielding a +6 dire flail of protection
              (14 damage)
             ... on level 6 of the Dungeon.
             The game lasted 00:00:52 (2306 turns).

qw the Shooter (Naga Hunter)                        Turns: 2306, Time: 00:00:52

Health: -2/56      AC:  3    Str: 13    XL:     6   Next: 1%
Magic:  6/6        EV:  9    Int: 10    God:
Gold:   82         SH:  0    Dex: 16    Spells: 5/5 levels left

rFire   . . .        Y - +0 shortbow
rCold   . . .        (shield currently unavailable)
rNeg    . . .        c - +0 leather armour
rPois   +            (no helmet)
rElec   .            (no cloak)
rCorr   .            (no gloves)
SInv    +            (no barding)
Will    .....        (no amulet)
Stlth   ++           (no ring)
HPRegen 0.29/turn    (no ring)
MPRegen 0.10/turn

%: no passive effects
@: about to teleport, short of breath, very slow
A: AC +2, large, see invisible, deformed body, poison resistance, slowness 2,
spit poison 1, naga tail 1
a: Spit Poison


You were on level 6 of the Dungeon.
You visited 1 branch of the dungeon, and saw 4 of its levels.

You collected 82 gold pieces.


Innate Abilities, Weirdness & Mutations

Your serpentine skin is tough. (AC +2)
You have supernaturally acute eyesight. (SInv)
Armour fits poorly on your strangely shaped body.
Your system is resistant to poisons. (rPois)
You cover ground very slowly.
You can spit poison.
You have a snake-like lower body.


   Skills:
 + Level 3.0 Fighting
 - Level 6.0 Ranged Weapons
 - Level 1.5 Dodging
 - Level 1.5 Stealth


You had 5 spell levels left.
You didn't know any spells.
Your spell library was empty.

Inventory:

Hand Weapons
 Y - a +0 shortbow (weapon)
Armour
 c - a +0 leather armour (worn)
Scrolls
 a - a scroll of teleportation
 e - a scroll of identify
Potions
 b - a potion of cancellation
 d - a potion of resistance
 f - a potion of curing
 g - a potion of attraction {unknown}
 i - a potion of brilliance {unknown}

Dungeon Overview and Level Annotations

Branches:
Dungeon (6/15)
 Temple: D:4-7

Altars:
The Shining One

Shops:
D:1 :

Annotations:
D:2 1 runed translucent door, Crazy Yiuf
D:6 Edmund


Message History

2295 ||| INVOKING Spit Poison.
Aiming: Spit Poison (1% risk of failure)
Press: ? - help, Shift-Dir - straight line, f/p - Edmund The splash of poison hits Edmund.
Edmund looks even sicker.
Edmund is moderately wounded.
You shoot an arrow.
The arrow hits Edmund but does no damage.
Edmund is moderately wounded.
You shoot an arrow.
The arrow hits Edmund but does no damage.
Edmund is moderately wounded.
You shoot an arrow. The arrow completely misses Edmund.
You shoot an arrow. The arrow closely misses Edmund.
Edmund hits you with a +6 dire flail of protection!
You shoot an arrow. The arrow barely misses Edmund.
You have got your breath back.
Edmund barely misses you.
2301 ||| INVOKING Spit Poison.
Aiming: Spit Poison (1% risk of failure)
Press: ? - help, Shift-Dir - straight line, f/p - Edmund The splash of poison hits Edmund but does no damage.
Edmund looks even sicker.
Edmund is moderately wounded.
Edmund hits you with a +6 dire flail of protection!
You shoot an arrow.
The arrow hits Edmund but does no damage.
Edmund is heavily wounded.
Edmund barely misses you.
You shoot an arrow. The arrow barely misses Edmund.
Edmund hits you but does no damage.
You shoot an arrow. The arrow closely misses Edmund.
Edmund hits you with a +6 dire flail of protection!
You shoot an arrow. The arrow hits Edmund.
Edmund is severely wounded.
Edmund hits you with a +6 dire flail of protection.
2306 ||| READING 2 scrolls of teleportation.
As you read the scroll of teleportation, it crumbles to dust.
You feel strangely unstable.
Edmund hits you with a +6 dire flail of protection!
You die...

#.#.## #.<........
#..#.###.##########.#
#.#......# #.#
#....###.# #.# #.#.##
#.# #.# #.#.# #:# #.#
#.#># #.# #.# ..#.#
#.##########.# #.#.#
#.@.(.......^# #.
#@############ #. #.
#. #. .. ##


You could see Edmund (poisoned).

Vanquished Creatures
  A centaur zombie (D:6)
  2 orc priests (D:6)
  An iguana (D:6)
  2 adders (D:6)
  An ufetubus (D:6)
  3 worms
  A dart slug (D:1)
  9 orcs
  8 endoplasms
  2 giant cockroaches (D:1)
  3 goblins (D:1)
  7 hobgoblins
  2 jackals (D:1)
  A quokka (D:1)
  2 ball pythons
  6 bats
  3 frilled lizards (D:1)
  5 kobolds
  7 rats
66 creatures vanquished.

Notes
Turn   | Place    | Note
-------+----------+-------------------------------------------
     0 | D:1      | qw the Naga Hunter began the quest for the Orb.
     0 | D:1      | Reached XP level 1. HP: 19/19 MP: 1/1
     0 | D:1      | 0 ||| qw: Version: 0.2-a-123-gb51047a
     0 | D:1      | 0 ||| qw: Game counter: 3767
     0 | D:1      | 0 ||| qw: Always use a shield: true
     0 | D:1      | 0 ||| qw: God list: Okawaru
     0 | D:1      | 0 ||| qw: Allow faded altars: false
     0 | D:1      | 0 ||| qw: Do Orc after D:15 true
     0 | D:1      | 0 ||| qw: Do second Lair branch before Depths: true
     0 | D:1      | 0 ||| qw: Lair rune preference: random
     0 | D:1      | 0 ||| qw: Plans: Normal
     0 | D:1      | 0 ||| PLANNING D:1-11
     8 | D:1      | Found Giudiuwk's Book Shop.
    96 | D:1      | 96 ||| INVOKING Spit Poison.
   153 | D:1      | 153 ||| INVOKING Spit Poison.
   161 | D:1      | 161 ||| INVOKING Spit Poison.
   165 | D:1      | 165 ||| INVOKING Spit Poison.
   169 | D:1      | Reached skill level 4 in Ranged Weapons
   169 | D:1      | Reached XP level 2. HP: 26/26 MP: 2/2
   171 | D:1      | 171 ||| INVOKING Spit Poison.
   180 | D:1      | 180 ||| INVOKING Spit Poison.
   184 | D:1      | 184 ||| INVOKING Spit Poison.
   243 | D:1      | 243 ||| INVOKING Spit Poison.
   273 | D:1      | Found a faded altar of an unknown god.
   288 | D:1      | 288 ||| INVOKING Spit Poison.
   293 | D:1      | 293 ||| INVOKING Spit Poison.
   298 | D:1      | 298 ||| INVOKING Spit Poison.
   303 | D:1      | 303 ||| INVOKING Spit Poison.
   308 | D:1      | 308 ||| INVOKING Spit Poison.
   314 | D:1      | 314 ||| INVOKING Spit Poison.
   319 | D:1      | 319 ||| INVOKING Spit Poison.
   420 | D:1      | 420 ||| INVOKING Spit Poison.
   423 | D:1      | Reached XP level 3. HP: 30/32 MP: 3/3
   490 | D:1      | 490 ||| INVOKING Spit Poison.
   528 | D:1      | 528 ||| INVOKING Spit Poison.
   534 | D:1      | 534 ||| INVOKING Spit Poison.
   550 | D:1      | 550 ||| INVOKING Spit Poison.
   658 | D:1      | 658 ||| INVOKING Spit Poison.
   706 | D:1      | 706 ||| READING scroll labelled QIOSTY ASCHAYSU.
   707 | D:1      | 707 ||| READING 2 scrolls labelled SUARHE TOIBEBB.
   708 | D:1      | 708 ||| READING scroll labelled HOFAET PIERIU.
   709 | D:1      | 709 ||| READING scroll labelled SUZAOPPOON.
   710 | D:1      | 710 ||| DRINKING 2 glowing grey potions.
   711 | D:1      | 711 ||| DROPPING scroll of butterflies.
   712 | D:1      | 712 ||| DROPPING potion of magic.
   754 | D:2      | 754 ||| INVOKING Spit Poison.
   906 | D:2      | Found a runed translucent door.
   907 | D:2      | Noticed Crazy Yiuf
   991 | D:2      | 991 ||| INVOKING Spit Poison.
  1169 | D:2      | 1169 ||| INVOKING Spit Poison.
  1292 | D:2      | 1292 ||| INVOKING Spit Poison.
  1293 | D:2      | Reached skill level 5 in Ranged Weapons
  1360 | D:2      | 1360 ||| INVOKING Spit Poison.
  1361 | D:2      | Reached XP level 4. HP: 39/39 MP: 4/4
  1460 | D:2      | 1460 ||| READING 2 scrolls of identify.
  1460 | D:2      | 1460 ||| IDENTIFYING pink potion
  1497 | D:3      | 1497 ||| INVOKING Spit Poison.
  1498 | D:3      | Found a glowing golden altar of the Shining One.
  1548 | D:3      | 1548 ||| INVOKING Spit Poison.
  1554 | D:3      | 1554 ||| INVOKING Spit Poison.
  1557 | D:3      | 1557 ||| INVOKING Spit Poison.
  1564 | D:3      | 1564 ||| INVOKING Spit Poison.
  1568 | D:3      | 1568 ||| INVOKING Spit Poison.
  1914 | D:3      | Noticed an ogre
  1914 | D:3      | You fall into a shaft and drop 3 floors!
  1939 | D:6      | 1939 ||| INVOKING Spit Poison.
  1944 | D:6      | 1944 ||| INVOKING Spit Poison.
  1947 | D:6      | 1947 ||| INVOKING Spit Poison.
  2017 | D:6      | 2017 ||| INVOKING Spit Poison.
  2021 | D:6      | 2021 ||| INVOKING Spit Poison.
  2022 | D:6      | Reached skill level 3 in Fighting
  2025 | D:6      | Reached XP level 5. HP: 40/49 MP: 5/5
  2037 | D:6      | 2037 ||| INVOKING Spit Poison.
  2040 | D:6      | 2040 ||| INVOKING Spit Poison.
  2046 | D:6      | 2046 ||| INVOKING Spit Poison.
  2203 | D:6      | 2203 ||| INVOKING Spit Poison.
  2207 | D:6      | 2207 ||| INVOKING Spit Poison.
  2214 | D:6      | 2214 ||| INVOKING Spit Poison.
  2217 | D:6      | Reached skill level 6 in Ranged Weapons
  2217 | D:6      | Reached XP level 6. HP: 38/56 MP: 6/6
  2279 | D:6      | 2279 ||| READING 3 scrolls labelled QOT YRUUNT.
  2283 | D:6      | 2283 ||| READING scroll labelled XUKIZE ZARI.
  2284 | D:6      | 2284 ||| READING 3 scrolls of identify.
  2284 | D:6      | 2284 ||| IDENTIFYING fuming emerald potion
  2285 | D:6      | 2285 ||| READING 2 scrolls of identify.
  2285 | D:6      | 2285 ||| IDENTIFYING viscous silvery potion
  2289 | D:6      | Noticed Edmund
  2291 | D:6      | 2291 ||| INVOKING Spit Poison.
  2295 | D:6      | 2295 ||| INVOKING Spit Poison.
  2301 | D:6      | 2301 ||| INVOKING Spit Poison.
  2305 | D:6      | HP: 11/56 [Edmund/+6 dire flail of protection (6)]
  2306 | D:6      | 2306 ||| READING 2 scrolls of teleportation.
  2306 | D:6      | Slain by Edmund

Levels and vault maps discovered:
D:1:      minmay_arrival_semitransparent, layout_loops_cross,
          shapermc_ecumenical_altar_starsandcircs, serial_shops, shop,
          reono_crystal_passage, minmay_crystal_water
D:2:      layout_basic, uniq_crazy_yiuf_cottage
D:3:      kennysheep_big_flooded_room, layout_basic,
          nicolae_overflow_ecumenical_swirl, mainiacjoe_overflow_brackets,
          kennysheep_another_room, kennysheep_crisscross
D:6:      layout_loops_ring, nicolae_hepliaklqana_hazy_memory,
          nicolae_yredelemnul_corpse_copse, xom_confusion_cloud, uniq_edmund,
          uniq_grinder

Skill      XL: |  1  2  3  4  5 |
---------------+----------------+-----
Ranged Weapons | 4 5 6 |  6.0
Fighting       | 3 |  3.0
Dodging        | |  1.5
Stealth        | |  1.5

Action                     |  1- 3 |  4- 6 || total
---------------------------+-------+-------++-------
   Fire: Shortbow          |    85 |    88 ||   173
Ability: Spit Poison       |    26 |    20 ||    46
    Use: Scroll            |     4 |     6 ||    10
         Potion            |     1 |       ||     1
 Armour: Leather armour    |    10 |    27 ||    37
  Dodge: Dodged            |    31 |    34 ||    65

Table legend:
 A = Non-vault XP
 B = Vault XP
 C = Vault XP percentage of total XP
 D = Non-vault monster count
 E = Vault monster count
 F = Vault count percentage of total count
                 A         B        C        D         E       F
            +---------+---------+-------+---------+---------+-------
      Total |     269 |      54 |  16.7 |      63 |       3 |   4.5
            +---------+---------+-------+---------+---------+-------
        D:1 |      56 |       0 |   0.0 |      33 |       0 |   0.0
        D:2 |      26 |       0 |   0.0 |      11 |       0 |   0.0
        D:3 |      15 |       5 |  25.0 |       6 |       2 |  25.0
        D:6 |     172 |      49 |  22.2 |      13 |       1 |   7.1
            +---------+---------+-------+---------+---------+-------
